 Dungeon Crawl Stone Soup version 0.30-a0-451-ge042605de7 (webtiles) character file.

Game seed: 17232793221807510496

2418367 freelancePsychic the Slayer (level 27, 261/261 HPs)
             Began as an Armataur Enchanter on Dec 11, 2022.
             Was a High Priest of Hepliaklqana.
             Escaped with the Orb
             ... and 4 runes on Dec 12, 2022!
             The game lasted 02:03:52 (65945 turns).

freelancePsychic the Slayer (Armataur Enchanter)   Turns: 65945, Time: 02:03:53

Health: 261/261    AC: 40    Str: 34    XL:     27
Magic:  33/33      EV: 13    Int: 13    God:    Hepliaklqana [*****.]
Gold:   5772       SH: 24    Dex: 14    Spells: 29/29 levels left

rFire   + + .      SeeInvis .    q - +8 demon whip (freeze)
rCold   + + .      Faith    .    n - +2 tower shield
rNeg    + + .      Spirit   .    V - +0 gold dragon scales
rPois   +          Reflect  .    g - +2 hat
rElec   .          Harm     .    y - scarf {rC+ rF+}
rCorr   +          Roll     +    o - +2 pair of gloves {Str+3}
Will    +++..      Clarity  +    b - +4 barding
Stlth   ..........               X - amulet "Coinux" {+Inv Regen+ Slay+2}
HPRegen 1.43/turn                k - ring "Ograem" {rC+ rN+ rCorr EV+4}
MPRegen 0.23/turn                J - ring "Qenitite" {rN+ Will+ Str+6}

@: no status effects
A: reduced essence, large, rugged brown scales 3, deformed body, armoured tail,
roll, long tongue, awkward tongue, horns 1, talons 1, clarity, clumsy 1, dopey
1, strong 1, cold vulnerability 1
0: Orb of Zot
}: 4/15 runes: barnacled, silver, abyssal, gossamer
a: Renounce Religion, Evoke Invisibility, Recall Ancestor, Ancestor Identity,
Transference, Idealise


You escaped.
You worshipped Hepliaklqana.
Hepliaklqana was extremely pleased with you.
You visited 11 branches of the dungeon, and saw 51 of its levels.
You visited the Abyss 1 time.
You also visited: Trove, Sewer and Ice Cave.

You collected 7953 gold pieces.
You spent 2181 gold pieces at shops.

Inventory:

Hand Weapons
 q - a +8 demon whip of freezing (weapon)
Missiles
 A - 3 throwing nets (quivered)
Armour
 b - a +4 barding (worn)
 g - a +2 hat (worn)
 n - a +2 tower shield (worn)
 o - a +2 pair of gloves of strength (worn)
 y - a scarf of resistance (worn)
 V - +0 gold dragon scales (worn)
Jewellery
 k - the ring "Ograem" (left hand) {rC+ rN+ rCorr EV+4}
   (You took it off a skeletal warrior on level 3 of the Crypt)

   [ring of evasion]

   EV:        It affects your evasion (+4).
   rC:        It protects you from cold.
   rN:        It protects you from negative energy.
   rCorr:     It protects you from acid and corrosion.
 J - the ring "Qenitite" (right hand) {rN+ Will+ Str+6}
   (You found it on level 3 of the Elven Halls)

   [ring of strength]

   Str:       It affects your strength (+6).
   rN:        It protects you from negative energy.
   Will:      It increases your willpower.
 O - a ring of wizardry
 X - the amulet "Coinux" (around neck) {+Inv Regen+ Slay+2}
   (You found it in an ice cave)

   [amulet of regeneration]

   Slay:      It affects your accuracy & damage with ranged weapons and melee
   (+2).
   +Inv:      It lets you turn invisible.
   Regen:     It increases your rate of health regeneration.
Wands
 t - a wand of mindburst (12)
 z - a wand of flame (106)
 H - a wand of quicksilver (31)
 I - a wand of iceblast (33)
 P - a wand of digging (12)
 Q - a wand of paralysis (17)
Scrolls
 a - 5 scrolls of vulnerability
 e - 4 scrolls of magic mapping
 f - 7 scrolls of blinking
 l - 21 scrolls of teleportation {@r4}
 p - 9 scrolls of fog
 u - 4 scrolls of poison
 w - 3 scrolls of silence
 C - 3 scrolls of summoning
 D - 5 scrolls of fear
 M - 2 scrolls of brand weapon
 T - 9 scrolls of identify {@r1}
 W - a scroll of immolation
 Z - 9 scrolls of amnesia
Potions
 d - 10 potions of ambrosia
 h - 15 potions of curing {@q1}
 i - 12 potions of attraction
 j - 7 potions of brilliance
 r - 3 potions of berserk rage
 s - 4 potions of heal wounds {@q2}
 v - 8 potions of flight
 x - 4 potions of haste {@q3}
 B - 8 potions of lignification
 K - 2 potions of might
 L - 7 potions of magic
 N - a potion of invisibility
 Y - a potion of resistance
Miscellaneous
 c - a condenser vane
 m - a box of beasts
 F - a lightning rod (4/4)
 G - a tin of tremorstones (2/2)
 S - a phial of floods
 U - a phantom mirror


   Skills:
 + Level 26.4 Fighting
 - Level 0.8 Short Blades
 - Level 12.0 Maces & Flails
 - Level 24.5 Armour
 - Level 14.5 Dodging
 - Level 3.9 Stealth
 - Level 22.0 Shields
 - Level 1.7 Spellcasting
 - Level 2.6 Hexes
 - Level 13.9 Invocations
 - Level 21.7 Evocations


You had 29 spell levels left.
You didn't know any spells.
Your spell library contained the following spells:

 Spells                   Type           Power      Damage    Failure   Level
 Slow                     Hex            32%        N/A       56%         1
 Ensorcelled Hibernation  Hex/Ice        8%         N/A       88%         2
 Apportation              Tloc           2%         N/A       91%         1
 Beastly Appendage        Tmut           2%         N/A       91%         1
 Foxfire                  Conj/Fire      4%         2x1d4     91%         1
 Kiss of Death            Conj/Necr      4%         2d5       91%         1
 Magic Dart               Conj           4%         1d3       91%         1
 Necrotise                Necr           4%         1d4       91%         1
 Shock                    Conj/Air       4%         1d3       91%         1
 Sting                    Tmut/Pois      4%         1d3       91%         1
 Summon Small Mammal      Summ           4%         N/A       91%         1
 Confusing Touch          Hex            8%         N/A       91%         3
 Tukima's Dance           Hex            8%         N/A       91%         3
 Blink                    Tloc           2%         N/A       97%         2
 Momentum Strike          Conj/Tloc      2%         3d8       97%         2
 Poisonous Vapours        Pois/Air       2%         N/A       97%         2
 Searing Ray              Conj           2%         2d4       97%         2
 Static Discharge         Conj/Air       2%         2-3/arc   97%         2
 Sublimation of Blood     Necr           1%         N/A       97%         2
 Wereblood                Tmut           1%         N/A       97%         2
 Dazzling Flash           Conj/Hex       8%         N/A       98%         3
 Portal Projectile        Hex/Tloc       8%         N/A       98%         3
 Summon Guardian Golem    Hex/Summ       4%         N/A       98%         3
 Call Canine Familiar     Summ           1%         N/A       99%         3
 Frozen Ramparts          Ice            2%         1d1       99%         3
 Gell's Gravitas          Tloc           1%         N/A       99%         3
 Hailstorm                Conj/Ice       1%         3d3       99%         3
 Kindle Blastsparks       Fire/Tloc/Air  2%         2d10      99%         3
 Lesser Beckoning         Tloc           2%         N/A       99%         3
 Spider Form              Tmut/Pois      1%         N/A       99%         3
 Vampiric Draining        Necr           1%         2d6       99%         3
 Airstrike                Air            0%         2d(1-17)  100%        4
 Anguish                  Hex/Necr       2%         N/A       100%        4
 Animate Dead             Necr           1%         N/A       100%        4
 Cause Fear               Hex            4%         N/A       100%        4
 Fulminant Prism          Conj/Hex       2%         3d5       100%        4
 Ice Form                 Ice/Tmut       1%         N/A       100%        4
 Iskenderun's Mystic Bla  Conj/Tloc      1%         2d3       100%        4
 Manifold Assault         Tloc           1%         N/A       100%        4
 Olgreb's Toxic Radiance  Pois           1%         N/A       100%        4
 Passage of Golubria      Tloc           1%         N/A       100%        4
 Petrify                  Tmut/Erth      1%         N/A       100%        4
 Summon Ice Beast         Ice/Summ       1%         N/A       100%        4
 Agony                    Necr           1%         N/A       100%        5
 Blade Hands              Tmut           0%         N/A       100%        5
 Borgnjor's Vile Clutch   Necr/Erth      0%         N/A       100%        5
 Fireball                 Conj/Fire      0%         3d3       100%        5
 Freezing Cloud           Conj/Ice/Air   0%         6-21      100%        5
 Irradiate                Conj/Tmut      0%         3d11      100%        5
 Lee's Rapid Deconstruct  Erth           0%         3d4*      100%        5
 Metabolic Englaciation   Hex/Ice        2%         N/A       100%        5
 Silence                  Hex/Air        2%         N/A       100%        5
 Yara's Violent Unravell  Hex/Tmut       2%         3d3       100%        5
 Death Channel            Necr           0%         N/A       100%        6
 Simulacrum               Ice/Necr       0%         N/A       100%        6
 Starburst                Conj/Fire      0%         6d3       100%        6
 Statue Form              Tmut/Erth      0%         N/A       100%        6
 Dragon Form              Tmut           0%         N/A       100%        7
 Enfeeble                 Hex            4%         N/A       100%        7
 Haunt                    Necr/Summ      0%         N/A       100%        7
 Malign Gateway           Summ/Tloc      0%         N/A       100%        7
 Monstrous Menagerie      Summ           0%         N/A       100%        7
 Orb of Destruction       Conj           0%         9d5       100%        7
 Spellforged Servitor     Conj/Summ      0%         N/A       100%        7
 Storm Form               Tmut/Air       0%         N/A       100%        7
 Borgnjor's Revivificati  Necr           0%         N/A       100%        8
 Lehudib's Crystal Spear  Conj/Erth      0%         10d2      100%        8
 Necromutation            Tmut/Necr      0%         N/A       100%        8
 Death's Door             Necr           0%         N/A       100%        9
 Dragon's Call            Summ           0%         N/A       100%        9
 Polar Vortex             Ice            0%         N/A       100%        9


Dungeon Overview and Level Annotations

Branches:
Dungeon (15/15)            Temple (1/1) D:5            Lair (5/5) D:9
 Shoals (4/4) Lair:2       Spider (4/4) Lair:3        Slime (0/5) Lair:4
    Orc (2/2) D:10            Elf (3/3) Orc:2        Vaults (5/5) D:13
  Crypt (3/3) Vaults:3       Tomb (0/3) Crypt:3      Depths (4/4) D:15
    Zot (5/5) Depths:4      Sewer (visited)           IceCv (visited)

Altars:
Ashenzari
Cheibriados
Dithmenos
Elyvilon
Fedhas
Gozag
Hepliaklqana
Kikubaaqudgha
Makhleb
Nemelex Xobeh
Okawaru
Qazlal
Ru
Sif Muna
Trog
Uskayaw
Vehumet
Wu Jian
Xom
Yredelemnul
Zin
The Shining One
Jiyva
Lugonu

Shops:
D:15 (   Orc:2 ??:*   Shoals:2 (   Shoals:3 [([=[   Vaults:2 !   Vaults:3 *
Vaults:5 :   Depths:1 *   Depths:3 ::[

Portals:
Hell: Depths:1 Depths:2 Depths:3 Depths:4
Abyss: Lair:1 Depths:3 Depths:4
Pandemonium: Depths:2 Depths:3
Ziggurat: Depths:3

Annotations:
D:3 3 runed translucent doors, MrSquiggles's ghost, amateur MiGl
D:10 Urug
Lair:1 2 transporters, NinjaNoafa's ghost, journeyman MfGl
Spider:3 Mecw's ghost, adept GrFi
Elf:2 5 runed translucent doors
Depths:3 3 runed translucent doors
Zot:2 1 transporter


Innate Abilities, Weirdness & Mutations

Your life essence is reduced to manifest your ancestor. (-10% HP)
You are completely covered in rugged brown scales. (AC +3, +7% HP)
Armour fits poorly on your strangely shaped body.
You have a long armoured tail.
You roll when moving toward enemies. (Rampage)
Your long tongue fully drains potion bottles. (2x potion effects)
Your tongue gives you trouble enunciating. (1.5x scroll delay)
You have a pair of small horns on your head.
You have sharp toenails.
You possess an exceptional clarity of mind.
You are clumsy. (Dex -2)
You are dopey. (Int -2)
Your muscles are strong. (Str +4, Int/Dex -1)
You are vulnerable to cold. (rC-)


Message History

You climb upwards.
Level annotation: 3 runed translucent doors, MrSquiggles's ghost, amateur MiGl
There is a stone staircase leading down here.
(D) Dungeon (T) Temple (L) Lair (A) Shoals (N) Spider Nest (M) Slime Pits (O) Orcish Mines (E) Elven Halls (V) Vaults (C) Crypt (W) Tomb (U) Depths (H) Hell (Z) Zot
Where to? (Enter - D:1 @ (x,y), ? - help) Septima mumbles some strange words.
Septima seems to speed up.
Magic restored.
Septima hits the plant with a +0 lajatang of freezing!!
The plant begins to die.
Septima freezes the plant.
Septima hits the plant with a +0 lajatang of freezing!
The plant begins to die.
Septima freezes the plant.
Septima hits the plant with a +0 lajatang of freezing!
Septima freezes the plant.
A nearby plant withers and dies.
Septima hits the plant with a +0 lajatang of freezing!!
Septima freezes the plant!
Septima hits the plant with a +0 lajatang of freezing!!
Septima freezes the plant!
Septima hits the plant with a +0 lajatang of freezing!!!
Septima freezes the plant.
Septima hits the plant with a +0 lajatang of freezing!
Septima freezes the plant.
Septima hits the plant with a +0 lajatang of freezing!
Septima freezes the plant.
A nearby plant withers and dies.
You feel a little less mighty now.
There is a stone staircase leading up here.
You climb upwards.
There is a stone staircase leading down here.
There is a stone staircase leading up here.
You climb upwards.
There is a stone staircase leading down here.
Septima is no longer moving quickly.
There is a huge open gate here.
There is a staircase leading out of the dungeon here.
You have escaped!

..#.......# #.........# ##.# #.
..######### #..##.....#####..# #.
.######## #..##............# #.
........# #..####.#######..# #.
.######.# #..# #.# #..###. .#
###.#####..# #.# #...... ##
#.......#### ### ####.....
####.############# #........
#.....# #..@.# ####.###[ ##.##.##
#.R..# #........ ...##.######
#.88.# ###.##.###.
...........♣♣#....#♣♣♣♣.#.##..###
#..##.##....♣#''''#.......###.#
#..##.##.#..........####..# #.#
#........#######...## #.## #.#
#.....#### #)..# #.####.# #######
###.# #......#


You could see the friendly Septima the battlemage.

Vanquished Creatures
  A dread lich (Zot:5)
  Mara (Elf:3)
  Mennas (Depths:4)
  An orb of fire (Zot:2)
  Sojobo (Crypt:3)
  2 Killer Klowns
  A shard shrike (Zot:3)
  2 curse toes
  Saint Roka (Crypt:3)
  A pandemonium lord (D:9)
  4 golden dragons
  2 bone dragons (Crypt:3)
  Jorgrun (D:15)
  Rupert (D:15)
  14 tentacled monstrosities
  An electric golem (Zot:1)
  Zenata (Crypt:2)
  3 liches
  15 Orb Guardians
  2 titans
  A deep elf blademaster (Elf:3)
  6 quicksilver dragons
  Asterion (Spider:2)
  2 krakens
  A walking frostbound tome (Depths:3)
  2 deep elf master archers (Elf:3)
  3 ancient champions (Crypt:3)
  An eldritch tentacle (Depths:1)
  An Executioner (D:9)
  3 tentacled starspawn
  4 sphinxes
  The ghost of experimilk the Bewitcher, an adept DrCj of Dithmenos (Spider:4)
  8 death cobs
  6 shadow dragons
  10 storm dragons
  5 fire giants
  5 tengu reavers
  5 frost giants
  3 azure jellies (IceCv)
  A revenant (Crypt:2)
  A rockslime (IceCv)
  An iron dragon (Depths:4)
  13 vault wardens
  6 deep elf sorcerers
  6 draconian scorchers
  2 emperor scorpions
  A curse skull (Crypt:3)
  A deep elf elementalist (Elf:3)
  4 ghost moths
  20 ironbound preservers
  4 draconian shifters
  27 very ugly things
  A draconian stormcaller (Depths:4)
  5 ghouls
  A caustic shrike skeleton (Depths:3)
  A broodmother (Spider:1)
  3 draconian annihilators
  4 quicksilver oozes (IceCv)
  3 war gargoyles (Vaults:5)
  2 spriggan defenders (Depths:4)
  8 stone giants
  4 ironbound thunderhulks
  2 vampire knights
  The ghost of p00ps00p the Severer, a journeyman HOFi of Gozag (Lair:2)
  3 black draconians
  Azrael (D:15)
  Nessos (D:15)
  12 green draconians
  5 deep elf demonologists
  3 spark wasps
  6 white draconians
  3 deep elf annihilators
  11 red draconians
  8 yellow draconians
  3 dire elephants
  4 purple draconians
  3 eidola
  5 deep elf death magi
  15 jiangshi
  5 merfolk impalers
  6 ettins
  3 spriggan zombies
  An acid blob zombie (Crypt:1)
  4 fire dragons
  A green death (Zot:3)
  4 merfolk javelineers
  5 great orbs of eyes
  5 yaktaur captains
  3 deep elf high priests
  2 rakshasas
  An elf skeleton (Crypt:3)
  An entropy weaver (shapeshifter) (D:15)
  3 entropy weavers
  4 ice dragons
  A jorogumo (Spider:3)
  27 vault guards
  5 radroaches
  A juggernaut simulacrum (Crypt:1)
  An alligator snapping turtle (Shoals:4)
  3 catoblepae (Lair:5)
  2 spriggan skeletons
  A hydra (Lair:5)
  8 centaur warriors
  4 ogre magi
  4 ironbound frosthearts
  2 merfolk avatars
  9 boulder beetles
  6 two-headed ogres
  A death knight (Crypt:2)
  A fenstrider witch skeleton (Crypt:3)
  A spriggan air mage (Depths:2)
  8 death yaks (Lair:5)
  A satyr (Shoals:3)
  A naga warrior (Abyss:4)
  2 deep troll shamans
  8 dancing weapons
  A death scarab (Spider:3)
  5 deep troll earth magi
  2 merfolk aquamancers
  3 thrashing horrors
  3 tengu warriors
  A vampire mage (Crypt:2)
  4 orc high priests (Orc:2)
  2 shadow wraiths
  A titan skeleton (Vaults:5)
  Amaemon (D:9)
  A hell knight (Vaults:4)
  8 deep elf knights
  2 emperor scorpion zombies
  A salamander mystic (Depths:3)
  2 iron trolls
  2 wretched stars
  6 sea snakes
  28 skeletal warriors
  A sixfirhy (Abyss:4)
  5 pharaoh ants
  3 sun moths
  46 deep trolls
  A glowing orange brain (Depths:3)
  5 orb spiders
  9 lindwurms
  8 deep elf archers
  2 orange crystal statues (IceCv)
  2 flayed ghosts (Crypt:2)
  4 steelbarb worms
  A bunyip zombie (Crypt:1)
  8 wizards
  A harpy (shapeshifter) (Elf:2)
  A bunyip skeleton (Crypt:1)
  8 phantasmal warriors
  3 necromancers
  22 deep elf zephyrmancers
  14 ironbound convokers
  8 orc knights
  16 harpies
  21 deep elf pyromancers
  15 wolf spiders
  An orc sorcerer (Elf:3)
  33 ugly things
  6 manticores
  A shining eye (shapeshifter) (D:15)
  18 fauns
  5 elephants
  6 large abominations
  A shadow dragon skeleton (Depths:3)
  An elephant (shapeshifter) (D:15)
  An oklob plant (Lair:3)
  4 salamanders
  19 moths of wrath
  8 cyclopes
  An iron dragon skeleton (Depths:3)
  A water nymph (shapeshifter) (Depths:3)
  A fire giant skeleton (Depths:3)
  18 vault sentinels
  8 merfolk sirens
  4 torpor snails
  Joseph (D:7)
  7 water nymphs
  2 smoke demons
  A titan simulacrum (Depths:3)
  A stone giant skeleton (Crypt:1)
  2 centaur skeletons (Crypt:3)
  3 orange demons
  An eye of devastation (shapeshifter) (Elf:3)
  A naga mage (Abyss:4)
  6 cane toads
  Maggie (D:9)
  A gargoyle (D:13)
  An unseen horror (Depths:4)
  10 demonic crawlers
  A purple draconian zombie (Crypt:3)
  An efreet (D:14)
  3 komodo dragons
  A bunyip simulacrum (Crypt:1)
  A human skeleton (Vaults:5)
  35 yaktaurs
  A yaktaur (shapeshifter) (D:13)
  A black draconian skeleton (Crypt:1)
  A tormentor (D:9)
  3 freezing wraiths
  A minotaur skeleton (Crypt:3)
  2 rime drakes (Lair:1)
  A guardian mummy (Crypt:3)
  9 wind drakes
  17 merfolk
  A meliai (shapeshifter) (D:15)
  3 trolls
  A death drake zombie (Crypt:2)
  2 ancient zymes
  6 meliai
  A polar bear (Lair:3)
  A hornet (Lair:2)
  2 harpy skeletons (Crypt:3)
  4 snapping turtles
  31 slime creatures
  A hornet (shapeshifter) (D:13)
  20 tarantellas
  19 blink frogs
  A hydra skeleton (Crypt:1)
  12 dream sheep
  A stone giant simulacrum (Vaults:5)
  8 air elementals
  10 water elementals
  16 jumping spiders
  A culicivora (shapeshifter) (Vaults:5)
  12 flying skulls
  3 wyverns
  2 spriggans (Lair:2)
  A shadow (D:7)
  12 culicivoras
  An ettin skeleton (Crypt:3)
  5 fire elementals
  7 small abominations (Depths:4)
  4 basilisks
  A fire bat (Depths:1)
  3 wraiths
  42 yaks
  2 steam dragons (D:9)
  A black mamba skeleton (Crypt:3)
  35 redbacks
  A spatial vortex (Depths:1)
  A vampire mosquito (Spider:4)
  4 chaos spawn
  2 wargs
  Menkaure (D:4)
  A human zombie (Vaults:5)
  2 nagas (Abyss:4)
  2 acid dragons
  9 water moccasins
  A water moccasin (shapeshifter) (Depths:2)
  3 hell hounds (Zot:5)
  A swamp dragon zombie (Crypt:3)
  A glowing shapeshifter skeleton (Depths:3)
  4 black bears
  3 naga skeletons (Crypt:3)
  An ice beast (D:6)
  A sky beast (D:6)
  16 orc warriors
  3 great orb of eyes simulacra (IceCv)
  An ettin simulacrum (Crypt:1)
  16 ogres
  2 manticore skeletons
  7 wolves
  8 centaurs
  4 phantoms
  3 slime creature simulacra (IceCv)
  A kobold brigand (D:8)
  3 glowing shapeshifter simulacra (IceCv)
  12 bullfrogs
  3 gnoll sergeants
  4 necrophages
  3 scorpions
  2 earth elementals
  A naga simulacrum (Crypt:1)
  7 killer bees
  A troll zombie (D:10)
  6 howler monkeys
  A wolf zombie (Crypt:1)
  A bullfrog zombie (Crypt:2)
  5 starcursed masses (Abyss:4)
  Crazy Yiuf (D:6)
  2 jellies
  2 hounds (D:6)
  23 orc priests
  9 orc wizards
  An iguana (D:5)
  2 hell rats (Lair:1)
  4 ogre zombies
  A hound zombie (Crypt:1)
  4 mummies (Crypt:3)
  13 adders
  14 gnolls
  A howler monkey skeleton (Crypt:2)
  7 river rats (Lair:1)
  A shadow imp (D:8)
  A white imp (D:6)
  A jelly zombie (Crypt:3)
  A worm (D:3)
  2 dart slugs
  51 orcs
  10 ball pythons
  11 endoplasms
  8 giant cockroaches
  7 goblins
  3 hobgoblins
  12 jackals
  9 quokkas
  3 bats
  14 frilled lizards
  A goblin skeleton (D:10)
  A goblin zombie (D:10)
  A hobgoblin skeleton (D:10)
  2 hobgoblin zombies (D:10)
  9 kobolds
  An orc skeleton (D:10)
  8 orc zombies (D:10)
  14 rats
  4 starspawn tentacles
  5 tentacles
1688 creatures vanquished.

Vanquished Creatures (collateral kills)
  Khufu (Crypt:3)
  An ancient lich (Zot:5)
  3 dread liches
  An orb of fire (Zot:5)
  Josephina (Zot:3)
  Vv (Depths:4)
  A pandemonium lord (Zot:5)
  3 royal mummies (Crypt:3)
  Bai Suzhen (Depths:2)
  A Killer Klown (Zot:5)
  A caustic shrike (Depths:3)
  4 golden dragons
  A bone dragon (Zot:3)
  A Tzitzimitl (Zot:3)
  2 electric golems
  3 doom hounds (Zot:3)
  7 tentacled monstrosities
  Grunn (Zot:3)
  8 Orb Guardians (Zot:5)
  3 liches
  A titan (Vaults:5)
  4 quicksilver dragons
  A tentacled starspawn (Abyss:4)
  A deep elf blademaster (Elf:3)
  An Executioner (Abyss:4)
  2 sphinxes (Vaults:4)
  2 ancient champions
  5 tengu reavers
  3 death cobs
  6 shadow dragons
  8 storm dragons
  Ilsuiw (Shoals:2)
  2 draconian monks
  A revenant (Crypt:2)
  3 draconian knights
  6 frost giants
  3 draconian scorchers
  An iron dragon (Depths:4)
  Louise (Depths:3)
  A ghost moth (shapeshifter) (Vaults:1)
  6 vault wardens
  A fire giant (Vaults:5)
  A cacodemon (Depths:3)
  2 ghouls (Crypt:1)
  2 orc warlords
  2 ghost moths
  A broodmother (Spider:2)
  A curse skull (Crypt:2)
  13 very ugly things
  2 reapers
  2 quicksilver oozes (IceCv)
  A draconian annihilator (Zot:3)
  2 ironbound thunderhulks
  2 stone giants (Depths:3)
  7 vampire knights
  8 ironbound preservers
  A putrid mouth (Zot:3)
  5 black draconians
  3 green draconians (Zot:3)
  A deep elf demonologist (Vaults:5)
  A deep elf annihilator (Elf:3)
  2 dire elephants (Vaults:1)
  4 white draconians
  2 spark wasps
  5 yellow draconians
  3 purple draconians
  6 red draconians
  3 eidola (Crypt:2)
  2 deep elf death magi
  A merfolk javelineer (Shoals:4)
  Snorg (Lair:4)
  A fire dragon (shapeshifter) (Elf:3)
  3 ettins
  A fire dragon (Depths:1)
  A great orb of eyes (Vaults:3)
  4 deep elf high priests
  2 spriggan zombies
  6 yaktaur captains
  2 entropy weavers
  A hell beast (Depths:1)
  5 ice dragons
  4 jiangshi
  8 merfolk impalers
  A peacekeeper (Vaults:2)
  10 vault guards
  A catoblepas (Lair:5)
  3 centaur warriors
  A jorogumo (shapeshifter) (D:13)
  5 ironbound frosthearts
  4 hydras
  4 radroaches
  A merfolk aquamancer (Shoals:2)
  Erica (Lair:2)
  A death knight (Crypt:1)
  A hell hog (Depths:1)
  5 boulder beetles
  3 deep troll shamans (Depths:4)
  2 spriggan skeletons (Crypt:3)
  An orc high priest (Orc:2)
  2 two-headed ogres
  2 satyrs (Shoals:3)
  A death yak (Lair:5)
  2 tengu warriors
  7 dancing weapons
  A spriggan berserker (Depths:4)
  4 vampire magi
  3 thrashing horrors
  A deep troll earth mage (Depths:4)
  A deep elf knight (Elf:3)
  A wretched star (Abyss:4)
  A sixfirhy (D:13)
  A sun demon (Depths:4)
  4 iron trolls
  A shadow wraith (Crypt:3)
  A salamander mystic (Depths:3)
  17 skeletal warriors
  2 deep elf archers
  27 deep trolls
  2 flayed ghosts
  8 orb spiders
  4 sea snakes
  5 ironbound convokers
  A glowing orange brain (Depths:3)
  A bog body (Crypt:1)
  A steelbarb worm (Spider:4)
  4 wizards
  3 lindwurms
  A spark wasp zombie (Depths:3)
  9 harpies
  8 deep elf pyromancers
  5 phantasmal warriors
  7 necromancers
  An anaconda skeleton (Crypt:3)
  A bunyip skeleton (Crypt:3)
  10 deep elf zephyrmancers
  2 cyclopes
  9 ugly things
  5 orc knights
  8 wolf spiders
  A manticore (shapeshifter) (Elf:3)
  2 manticores
  A faun (Shoals:1)
  A frost giant zombie (Depths:3)
  3 salamanders (Depths:3)
  A worldbinder (Depths:2)
  A sphinx skeleton (Depths:3)
  11 moths of wrath
  5 vault sentinels
  5 elephants (Lair:3)
  A rust devil (Depths:4)
  A guardian serpent (Abyss:4)
  7 merfolk sirens
  A black mamba (Lair:4)
  An orange demon (D:9)
  3 smoke demons
  2 torpor snails
  A centaur skeleton (Crypt:3)
  4 water nymphs
  A cane toad (Lair:5)
  A gargoyle (D:12)
  2 dire elephant skeletons (Crypt:3)
  2 efreet
  3 komodo dragons
  2 demonic crawlers (Spider:4)
  A swamp worm zombie (Crypt:3)
  A rime drake (Lair:5)
  A purple draconian skeleton (Crypt:2)
  A tengu conjurer (Depths:1)
  16 yaktaurs
  5 merfolk
  3 trolls
  2 harpy zombies
  A meliai (D:14)
  3 harpy skeletons (Crypt:3)
  3 wind drakes
  5 tarantellas
  A shadow dragon simulacrum (Zot:3)
  6 blink frogs
  A tarantella (shapeshifter) (D:13)
  A slime creature (shapeshifter) (Depths:2)
  A hydra skeleton (Crypt:3)
  5 slime creatures
  A dream sheep (Shoals:4)
  A dream sheep (shapeshifter) (Vaults:5)
  3 snapping turtles
  A shadow (D:12)
  5 jumping spiders
  A large abomination (Abyss:4)
  A wind drake zombie (Crypt:3)
  8 flying skulls
  17 water elementals
  4 air elementals
  A ynoxinul (Abyss:4)
  7 culicivoras
  2 small abominations
  2 fire bats (Depths:1)
  14 yaks
  3 wraiths
  A basilisk (Lair:3)
  A fire elemental (D:15)
  A golden eye (Abyss:4)
  A purple draconian simulacrum (Zot:3)
  A wind drake skeleton (Crypt:1)
  13 redbacks
  A neqoxec (Abyss:4)
  A faun zombie (Crypt:3)
  A spatial vortex (Depths:1)
  A merfolk zombie (Crypt:1)
  4 water moccasins
  3 hell hounds (D:15)
  A demonspawn skeleton (Crypt:2)
  11 orc warriors
  2 moth of wrath simulacra (Zot:3)
  3 great orb of eyes simulacra (IceCv)
  A sky beast (D:7)
  3 ogres
  A centaur (D:8)
  3 wolves
  2 slime creature simulacra (IceCv)
  A kobold brigand (D:7)
  3 earth elementals
  3 bullfrogs
  A scorpion (D:7)
  A necrophage (Crypt:3)
  2 glowing shapeshifter simulacra (IceCv)
  A killer bee (D:8)
  An electric eel (Lair:1)
  A wolf zombie (Crypt:3)
  4 starcursed masses (Abyss:4)
  A jelly (Lair:4)
  10 orc priests (Orc:2)
  An iron imp (Zot:5)
  4 orc wizards
  2 ogre zombies (D:10)
  8 mummies (Crypt:3)
  A gnoll (D:10)
  A river rat (Lair:1)
  A white imp (Abyss:4)
  12 orcs
  An endoplasm (Lair:4)
  A goblin skeleton (D:10)
  2 hobgoblin zombies (D:10)
  2 kobolds
  An orc skeleton (D:10)
  An orc zombie (D:10)
  A quokka zombie (Crypt:2)
  A rat (Lair:1)
  A starspawn tentacle (Depths:2)
  A tentacle (Shoals:4)
765 creatures vanquished.

Vanquished Creatures (others)
  An emperor scorpion (Spider:4)
  A draconian scorcher (Zot:3)
  A draconian shifter (Zot:3)
  A moth of wrath (Zot:1)
  A smoke demon (Depths:1)
  A ghost moth simulacrum (Zot:3)
  A tormentor (Zot:3)
  A tengu conjurer (Depths:1)
  A fire elemental (D:15)
  51 battlemagi
  An ancestor (D:8)
  A butterfly (D:5)
  67 fungi
  183 plants
  4 starspawn tentacles
  10 tentacles
326 creatures vanquished.

Grand Total: 2779 creatures vanquished

Notes
Turn   | Place    | Note
-------+----------+-------------------------------------------
     0 | D:1      | freelancePsychic the Armataur Enchanter began the quest for
                  | the Orb.
     0 | D:1      | Reached XP level 1. HP: 14/14 MP: 3/3
    61 | D:1      | Found a faded altar of an unknown god.
    69 | D:1      | Prayed at the altar of an unknown god.
    69 | D:1      | Became a worshipper of Elyvilon the Healer
    69 | D:1      | Reached * piety under Elyvilon
   165 | D:1      | Reached XP level 2. HP: 20/23 MP: 4/4
   424 | D:1      | Reached skill level 1 in Invocations
   446 | D:1      | Reached skill level 1 in Fighting
   527 | D:1      | Reached XP level 3. HP: 20/29 MP: 5/5
   744 | D:2      | Reached ** piety under Elyvilon
  1335 | D:2      | Reached XP level 4. HP: 38/38 MP: 6/6
  1399 | D:2      | Reached *** piety under Elyvilon
  1484 | D:2      | Reached skill level 2 in Fighting
  1734 | D:3      | Reached skill level 1 in Maces & Flails
  1871 | D:3      | Found a sparkling altar of Nemelex Xobeh.
  1974 | D:3      | Gained mutation: Your spells are a little easier to cast,
                  | but a little less powerful. [potion of mutation]
  1974 | D:3      | Gained mutation: Your body sometimes deteriorates upon
                  | taking damage. [potion of mutation]
  1974 | D:3      | Gained mutation: You expend magic power (3 MP) to
                  | strengthen your wands. [potion of mutation]
  2110 | D:3      | Found a glowing drain.
  2114 | Sewer    | Entered a sewer
  2265 | Sewer    | Reached XP level 5. HP: 23/43 MP: 7/7
  2578 | Sewer    | HP: 2/44 [bullfrog (2)]
  2592 | Sewer    | Reached XP level 6. HP: 10/53 MP: 4/8
  2900 | Sewer    | Lost mutation: Your body sometimes deteriorates upon taking
                  | damage. [potion of mutation]
  2900 | Sewer    | Lost mutation: Your spells are a little easier to cast, but
                  | a little less powerful. [potion of mutation]
  2900 | Sewer    | Lost mutation: You expend magic power (3 MP) to strengthen
                  | your wands. [potion of mutation]
  2900 | Sewer    | Gained mutation: You possess an exceptional clarity of
                  | mind. [potion of mutation]
  2900 | Sewer    | Gained mutation: You are dopey. (Int -2) [potion of
                  | mutation]
  2900 | Sewer    | Gained mutation: Your magical capacity is low. (-10% MP)
                  | [potion of mutation]
  2900 | Sewer    | Gained mutation: You occasionally lose the ability to read
                  | scrolls when taking damage. [potion of mutation]
  2900 | Sewer    | Gained mutation: You are occasionally teleported next to
                  | monsters. [potion of mutation]
  2900 | Sewer    | Gained mutation: You have a pair of small antennae on your
                  | head. [potion of mutation]
  2900 | Sewer    | Gained mutation: You are partially covered in large bone
                  | plates. (SH +4) [potion of mutation]
  3027 | D:3      | Reached skill level 3 in Fighting
  3286 | D:3      | Found an opulent altar of Gozag.
  3332 | D:3      | Found a white marble altar of Elyvilon.
  3383 | D:3      | Found a runed translucent gate.
  3384 | D:3      | Found a runed translucent gate.
  3385 | D:3      | Found a runed translucent gate.
  3403 | D:3      | Noticed MrSquiggles's ghost (amateur MiGl)
  3407 | D:3      | Identified the +1 leather armour "Agitiad" {Will+ Int-5
                  | Slay+3}
  3488 | D:4      | Identified the +9 whip of the Big Bang {flame, rElec rPois
                  | Dex-5}
  3551 | D:4      | Noticed Menkaure
  3557 | D:4      | Killed Menkaure
  3898 | D:5      | Entered Level 5 of the Dungeon
  3898 | D:5      | Found a stormy altar of Qazlal.
  4040 | D:4      | Reached XP level 7. HP: 34/60 MP: 8/8
  4366 | D:4      | Lost mutation: You have a pair of small antennae on your
                  | head. [potion of mutation]
  4366 | D:4      | Lost mutation: You possess an exceptional clarity of mind.
                  | [potion of mutation]
  4366 | D:4      | Lost mutation: You are occasionally teleported next to
                  | monsters. [potion of mutation]
  4366 | D:4      | Lost mutation: Your magical capacity is low. (-10% MP)
                  | [potion of mutation]
  4366 | D:4      | Gained mutation: You are agile. (Dex +4, Str/Int -1)
                  | [potion of mutation]
  4366 | D:4      | Gained mutation: You have hidden genetic potential. [potion
                  | of mutation]
  4385 | D:4      | Reached **** piety under Elyvilon
  4681 | D:5      | Found a broken altar of Ashenzari.
  4856 | D:5      | Found a staircase to the Ecumenical Temple.
  4875 | D:5      | Reached skill level 4 in Fighting
  4875 | D:5      | Reached skill level 5 in Maces & Flails
  5018 | D:5      | Found an iron altar of Okawaru.
  5306 | Temple   | Entered the Ecumenical Temple
  5345 | Temple   | Fell from the grace of Elyvilon
  5345 | Temple   | Became a worshipper of Hepliaklqana the Forgotten
  5510 | D:5      | Found a sacrificial altar of Ru.
  6010 | D:6      | Reached XP level 8. HP: 70/70 MP: 11/11
  6173 | D:6      | Gained mutation: Your flesh is heat resistant. (rF+)
                  | [hidden potential]
  6327 | D:6      | Reached skill level 5 in Fighting
  6649 | D:6      | Found a glowing silver altar of Zin.
  6649 | D:6      | You fall into a shaft and drop 3 floors!
  6677 | D:9      | Noticed Maggie
  6684 | D:9      | Reached XP level 9. HP: 69/80 MP: 12/12
  6688 | D:9      | Gained mutation: Your muscles are strong. (Str +4, Int/Dex
                  | -1) [hidden potential]
  6688 | D:9      | Lost mutation: You have hidden genetic potential. [hidden
                  | potential expressed]
  6691 | D:9      | Reached skill level 6 in Fighting
  6697 | D:9      | Killed Maggie
  6891 | D:9      | Reached skill level 7 in Fighting
  6893 | D:9      | Noticed Amaemon
  6895 | D:9      | Noticed an orange demon
  6909 | D:9      | Killed an orange demon
  6909 | D:9      | Killed Amaemon
  6910 | D:9      | Reached skill level 10 in Maces & Flails
  6910 | D:9      | Reached XP level 10. HP: 73/94 MP: 13/13
  7081 | D:9      | Found a staircase to the Lair.
  7148 | D:9      | Reached * piety under Hepliaklqana
  7196 | D:9      | Found a radiant altar of Vehumet.
  7630 | D:9      | Reached skill level 1 in Shields
  7868 | D:8      | Reached skill level 8 in Fighting
  8083 | D:8      | Found a blossoming altar of Fedhas.
  8342 | D:8      | Found a hide-covered altar of Uskayaw.
  8405 | D:8      | Reached ** piety under Hepliaklqana
  8406 | D:8      | Remembered your ancestor Septima as a battlemage
  9191 | D:7      | Noticed Joseph
  9202 | D:7      | Killed Joseph
  9203 | D:7      | Reached XP level 11. HP: 77/92 MP: 14/14
  9430 | D:6      | Found a basalt altar of Yredelemnul.
  9701 | D:6      | Reached *** piety under Hepliaklqana
  9714 | D:6      | Found a runed translucent door.
  9715 | D:6      | Noticed Crazy Yiuf
  9791 | D:6      | Killed Crazy Yiuf
  9981 | D:10     | Entered Level 10 of the Dungeon
  9981 | D:10     | Noticed a two-headed ogre
  9986 | D:10     | Killed a two-headed ogre
 10020 | D:10     | Found a glowing golden altar of the Shining One.
 10070 | D:10     | Found a portal to a secret trove of treasure.
 10156 | D:10     | Found a snail-covered altar of Cheibriados.
 10272 | D:10     | Found a staircase to the Orcish Mines.
 10290 | D:10     | Noticed a two-headed ogre
 10330 | D:10     | Killed a two-headed ogre
 10331 | D:10     | Reached skill level 9 in Fighting
 10492 | D:10     | Reached skill level 5 in Shields
 10528 | D:10     | Noticed Urug
 10542 | D:10     | Reached skill level 1 in Armour
 10657 | D:10     | Noticed a brown ugly thing
 10667 | D:10     | Killed a brown ugly thing
 11148 | D:11     | Noticed a two-headed ogre
 11155 | D:11     | Killed a two-headed ogre
 11192 | D:11     | Noticed a two-headed ogre
 11200 | D:11     | Killed a two-headed ogre
 11720 | D:12     | Noticed a boulder beetle
 11720 | D:12     | Noticed a boulder beetle
 11735 | D:12     | Reached skill level 5 in Armour
 11735 | D:12     | Killed a boulder beetle
 11739 | D:12     | Reached skill level 10 in Fighting
 11746 | D:12     | Killed a boulder beetle
 11963 | D:12     | Noticed a green ugly thing
 11979 | D:12     | Killed a green ugly thing
 11980 | D:12     | Reached XP level 12. HP: 102/102 MP: 15/15
 12079 | D:12     | Reached **** piety under Hepliaklqana
 12109 | D:12     | Noticed a boulder beetle
 12119 | D:12     | Killed a boulder beetle
 12783 | Lair:1   | Entered Level 1 of the Lair of Beasts
 12983 | Lair:1   | Found the +3 pair of seven-league boots {Rampage+∞}
 13182 | Lair:1   | Found a transporter.
 13199 | Lair:1   | Found a transporter.
 13225 | Lair:1   | Found a one-way gate to the infinite horrors of the Abyss.
 13225 | Lair:1   | Noticed NinjaNoafa's ghost (journeyman MfGl)
 13742 | Lair:2   | Reached skill level 11 in Fighting
 13777 | Lair:2   | Noticed Erica
 13786 | Lair:2   | Killed Erica
 13811 | Lair:2   | Found a runed translucent door.
 13967 | Lair:2   | Reached skill level 1 in Evocations
 14009 | Lair:2   | Found a staircase to the Shoals.
 14083 | Lair:2   | Noticed p00ps00p's ghost (journeyman HOFi)
 14085 | Lair:2   | Identified the +8 trident of Ceduor {spect, Int+3 Stlth+}
 14119 | Lair:2   | Reached ***** piety under Hepliaklqana
 14552 | Lair:2   | Killed p00ps00p's ghost
 14831 | Lair:2   | Identified the ring of Leaves {rC- rN+ MP+9 Str+4 Dex+4}
 14955 | Lair:3   | Reached skill level 10 in Shields
 15001 | Lair:3   | Reached XP level 13. HP: 106/112 MP: 16/16
 15158 | Lair:3   | Found a hole to the Spider Nest.
 15921 | Lair:3   | Reached skill level 12 in Fighting
 16208 | Lair:4   | Found a staircase to the Slime Pits.
 16212 | Lair:4   | Found a viscous altar of Jiyva.
 16553 | Lair:4   | Reached skill level 5 in Evocations
 16655 | Lair:4   | Noticed Snorg
 16668 | Lair:4   | Killed Snorg
 17233 | Lair:5   | Entered Level 5 of the Lair of Beasts
 18066 | Lair:5   | Reached XP level 14. HP: 115/123 MP: 17/17
 18141 | Lair:5   | Reached skill level 13 in Fighting
 19151 | D:13     | Found a gate to the Vaults.
 20719 | D:14     | Reached ****** piety under Hepliaklqana
 20884 | D:14     | Found a sparkling altar of Nemelex Xobeh.
 21093 | D:15     | Entered Level 15 of the Dungeon
 21103 | D:15     | Noticed Jorgrun
 21121 | D:15     | Noticed Rupert
 21126 | D:15     | Killed Jorgrun
 21143 | D:15     | Killed Rupert
 21444 | D:15     | Reached skill level 14 in Fighting
 21560 | D:15     | Noticed Nessos
 21571 | D:15     | Killed Nessos
 21686 | D:15     | Found an ornate altar of the Wu Jian Council.
 21717 | D:15     | Lost mutation: You are agile. (Dex +4, Str/Int -1) [a
                  | shining eye]
 21719 | D:15     | Gained mutation: Your magical capacity is low. (-10% MP) [a
                  | shining eye]
 21725 | D:15     | Noticed Azrael
 21727 | D:15     | Reached XP level 15. HP: 116/133 MP: 14/16
 21747 | D:15     | Killed Azrael
 21844 | D:15     | Reached skill level 10 in Evocations
 21879 | D:15     | Found Ymyriju's Weapon Shop.
 22431 | D:15     | Found a staircase to the Depths.
 22598 | Orc:1    | Entered Level 1 of the Orcish Mines
 22855 | Orc:2    | Entered Level 2 of the Orcish Mines
 23945 | Orc:2    | Found Caovutt's Magic Scroll Shoppe.
 23945 | Orc:2    | Found Cothrap's Magic Scroll Shoppe.
 24006 | Orc:2    | Found Deatued's Book Emporium.
 24006 | Orc:2    | Found Oheun's General Store.
 24017 | Orc:2    | Bought a scroll of enchant armour for 120 gold pieces
 24021 | Orc:2    | Bought a scroll of blinking for 112 gold pieces
 24021 | Orc:2    | Bought a scroll of magic mapping for 112 gold pieces
 24021 | Orc:2    | Bought a scroll of enchant weapon for 112 gold pieces
 24021 | Orc:2    | Bought a scroll of teleportation for 45 gold pieces
 24076 | Orc:2    | Found a staircase to the Elven Halls.
 24284 | Elf:1    | Entered Level 1 of the Elven Halls
 24496 | Elf:1    | Paralysed by an air elemental for 1 turns
 24502 | Elf:1    | Paralysed by an air elemental for 1 turns
 24695 | Elf:1    | Reached skill level 15 in Shields
 24937 | Elf:1    | Reached skill level 5 in Invocations
 25354 | Elf:1    | Reached skill level 15 in Fighting
 25735 | Elf:1    | Paralysed by an air elemental for 1 turns
 25742 | Elf:1    | Paralysed by an air elemental for 1 turns
 25745 | Elf:1    | Reached skill level 10 in Armour
 26224 | Elf:2    | Found a frozen archway.
 26240 | IceCv    | Entered an ice cave
 26409 | IceCv    | Reached XP level 16. HP: 133/144 MP: 0/18
 27034 | IceCv    | Found a viscous altar of Jiyva.
 27414 | IceCv    | Identified the amulet "Kerghy Bisuc" {Acrobat rN+ Int+6}
 27417 | IceCv    | Identified the amulet "Coinux" {+Inv Regen+ Slay+2}
 27874 | Elf:2    | Found a huge runed translucent gate.
 27874 | Elf:2    | Found a huge runed translucent gate.
 27875 | Elf:2    | Found a huge runed translucent gate.
 27876 | Elf:2    | Found a huge runed translucent gate.
 27885 | Elf:2    | Found a huge runed translucent gate.
 28307 | Orc:2    | Bought a +2 scale mail of poison resistance for 198 gold
                  | pieces
 28307 | Orc:2    | Bought a scroll of poison for 44 gold pieces
 28501 | Spider:1 | Entered Level 1 of the Spider Nest
 28724 | Spider:1 | Lost mutation: Your muscles are strong. (Str +4, Int/Dex
                  | -1) [potion of mutation]
 28724 | Spider:1 | Lost mutation: You are partially covered in large bone
                  | plates. (SH +4) [potion of mutation]
 28724 | Spider:1 | Lost mutation: Your flesh is heat resistant. (rF+) [potion
                  | of mutation]
 28724 | Spider:1 | Lost mutation: You occasionally lose the ability to read
                  | scrolls when taking damage. [potion of mutation]
 28724 | Spider:1 | Lost mutation: You are dopey. (Int -2) [potion of mutation]
 28724 | Spider:1 | Lost mutation: Your magical capacity is low. (-10% MP)
                  | [potion of mutation]
 28724 | Spider:1 | Gained mutation: You do not regenerate when monsters are
                  | visible. [potion of mutation]
 28724 | Spider:1 | Gained mutation: Your muscles are strong. (Str +4, Int/Dex
                  | -1) [potion of mutation]
 28724 | Spider:1 | Gained mutation: You passively dampen the noise of your
                  | surroundings. [potion of mutation]
 28724 | Spider:1 | Gained mutation: You possess an exceptional clarity of
                  | mind. [potion of mutation]
 28724 | Spider:1 | Gained mutation: You have a pair of small horns on your
                  | head. [potion of mutation]
 29038 | Spider:1 | Identified the +4 ring mail "Suudaewi" {Will+ Int+6}
 29444 | Spider:2 | Reached skill level 16 in Fighting
 29766 | Spider:2 | Noticed Asterion
 29779 | Spider:2 | Killed Asterion
 29889 | Spider:2 | Got the Omnibus of Amassed Fog
 30000 | Spider:2 | Reached skill level 15 in Armour
 30078 | Spider:2 | Reached XP level 17. HP: 71/153 MP: 22/22
 30476 | Spider:3 | Found a transporter.
 30624 | Spider:3 | HP: 6/154 [disintegration (56)]
 30637 | Spider:3 | Identified the +0 pair of gloves "Pigh" {rElec Stlth+}
 30715 | Spider:3 | Noticed Mecw's ghost (adept GrFi)
 30717 | Spider:3 | Found a transporter.
 30764 | Spider:3 | Identified the amulet "Gaqeok" {Acrobat Harm rF+ rC- rN++}
 31064 | Spider:4 | Entered Level 4 of the Spider Nest
 31965 | Spider:4 | Reached skill level 17 in Fighting
 32755 | Spider:4 | Got a gossamer rune of Zot
 32915 | Spider:4 | Found a large runed translucent door.
 32917 | Spider:4 | Found a large runed translucent door.
 32918 | Spider:4 | Noticed experimilk's ghost (adept DrCj)
 32997 | Spider:4 | Killed experimilk's ghost
 33246 | Shoals:1 | Entered Level 1 of the Shoals
 33592 | Shoals:1 | Noticed a kraken
 33686 | Shoals:1 | Reached XP level 18. HP: 163/163 MP: 23/23
 34019 | Shoals:2 | Noticed Ilsuiw
 34028 | Shoals:2 | Killed Ilsuiw
 34399 | Shoals:2 | Found Oqamebri's Antique Weapon Shoppe.
 34853 | Shoals:3 | Lost mutation: Your muscles are strong. (Str +4, Int/Dex
                  | -1) [potion of mutation]
 34853 | Shoals:3 | Lost mutation: You possess an exceptional clarity of mind.
                  | [potion of mutation]
 34853 | Shoals:3 | Lost mutation: You passively dampen the noise of your
                  | surroundings. [potion of mutation]
 34853 | Shoals:3 | Lost mutation: You do not regenerate when monsters are
                  | visible. [potion of mutation]
 34853 | Shoals:3 | Gained mutation: You are dopey. (Int -2) [potion of
                  | mutation]
 34853 | Shoals:3 | Gained mutation: You are somewhat resistant to further
                  | mutation. [potion of mutation]
 34853 | Shoals:3 | Gained mutation: Your spells are a little harder to cast,
                  | but a little more powerful. [potion of mutation]
 35267 | Shoals:3 | Found Xeahuop's Jewellery Boutique.
 35276 | Shoals:3 | Found Poqula's Antique Armour Shop.
 35507 | Shoals:3 | Found Jaothaim's Armour Shoppe.
 35541 | Shoals:3 | Found Umneaf's Antique Weapon Shop.
 35635 | Shoals:3 | Found Tuafitugg's Antique Armour Emporium.
 36010 | Shoals:4 | Entered Level 4 of the Shoals
 36096 | Shoals:4 | Paralysed by an air elemental for 1 turns
 36107 | Shoals:4 | Paralysed by an air elemental for 1 turns
 36112 | Shoals:4 | Paralysed by an air elemental for 1 turns
 36151 | Shoals:4 | Paralysed by an air elemental for 1 turns
 36428 | Shoals:4 | Paralysed by an air elemental for 1 turns
 36889 | Shoals:4 | Got the Disquisition on Malignant Rites
 36892 | Shoals:4 | Got a barnacled rune of Zot
 36920 | Shoals:4 | Got Duocs's Joy of Spellcasting
 37188 | Shoals:4 | Paralysed by an air elemental for 1 turns
 37453 | Shoals:4 | Paralysed by an air elemental for 1 turns
 37471 | Shoals:4 | Reached XP level 19. HP: 122/172 MP: 23/25
 37877 | Elf:3    | Entered Level 3 of the Elven Halls
 37888 | Elf:3    | Reached skill level 5 in Dodging
 37964 | Elf:3    | Noticed Mara
 37966 | Elf:3    | Noticed freelancePsychic's illusion
 38006 | Elf:3    | Killed Mara
 38293 | Elf:3    | Paralysed by an air elemental for 1 turns
 38938 | Elf:3    | Reached skill level 18 in Fighting
 39017 | Elf:3    | Identified the +5 broad axe "Ecreewa" {drain, Fly rPois
                  | MP+9 Int-5}
 39017 | Elf:3    | Identified the +1 plate armour "Cenimy Ikir" {Harm}
 39037 | Elf:3    | Identified the ring "Qenitite" {rN+ Will+ Str+6}
 39132 | Elf:3    | Identified the +8 quarterstaff "Exyum" {drain, rF- Str+4
                  | Int+3}
 39133 | Elf:3    | Reached skill level 10 in Invocations
 39183 | Elf:3    | Got the Textbook on Maleficent Rituals and the Tempest
 39186 | Elf:3    | Identified the +6 sling "Cookie Cutter" {flame, rElec rN+}
 39195 | Elf:3    | Identified the +8 war axe of Iquozes {vorpal, *Slow Dex+4
                  | Stlth+}
 39197 | Elf:3    | Identified the +6 sling of Execution {vorpal, Will+ Int-5
                  | Dex+5}
 39204 | Elf:3    | Identified the +7 war axe of Saltpetre {vorpal, Dex+2}
 39521 | Vaults:1 | Entered Level 1 of the Vaults
 40331 | Vaults:1 | Reached XP level 20. HP: 102/183 MP: 27/27
 41305 | Vaults:2 | Reached skill level 10 in Dodging
 41355 | Vaults:2 | Lost mutation: You have a pair of small horns on your head.
                  | [potion of mutation]
 41355 | Vaults:2 | Lost mutation: Your spells are a little harder to cast, but
                  | a little more powerful. [potion of mutation]
 41355 | Vaults:2 | Lost mutation: You are somewhat resistant to further
                  | mutation. [potion of mutation]
 41355 | Vaults:2 | Lost mutation: You are dopey. (Int -2) [potion of mutation]
 41355 | Vaults:2 | Gained mutation: You have sharp toenails. [potion of
                  | mutation]
 41355 | Vaults:2 | Gained mutation: You occasionally shout uncontrollably at
                  | your foes. [potion of mutation]
 41355 | Vaults:2 | Gained mutation: You sometimes lose your temper in combat.
                  | [potion of mutation]
 41355 | Vaults:2 | Gained mutation: Your tail ends in a venomous barb. [potion
                  | of mutation]
 41355 | Vaults:2 | Lost mutation: You occasionally shout uncontrollably at
                  | your foes. [potion of mutation]
 41355 | Vaults:2 | Gained mutation: You are clumsy. (Dex -2) [potion of
                  | mutation]
 41355 | Vaults:2 | Gained mutation: Your flesh is cold resistant. (rC+)
                  | [potion of mutation]
 41585 | Vaults:2 | Lost mutation: Your tail ends in a venomous barb. [potion
                  | of mutation]
 41585 | Vaults:2 | Lost mutation: You sometimes lose your temper in combat.
                  | [potion of mutation]
 41585 | Vaults:2 | Lost mutation: You have sharp toenails. [potion of
                  | mutation]
 41585 | Vaults:2 | Lost mutation: Your flesh is cold resistant. (rC+) [potion
                  | of mutation]
 41585 | Vaults:2 | Gained mutation: You have hidden genetic potential. [potion
                  | of mutation]
 41585 | Vaults:2 | Gained mutation: Your tail ends in a venomous barb. [potion
                  | of mutation]
 41585 | Vaults:2 | Gained mutation: You are vulnerable to cold. (rC-) [potion
                  | of mutation]
 41585 | Vaults:2 | Gained mutation: You are weak. (Str -2) [potion of
                  | mutation]
 41585 | Vaults:2 | Gained mutation: You are partially covered in iridescent
                  | scales. (AC +2) [potion of mutation]
 41732 | Vaults:2 | Found Qivitywu's Distillery.
 41776 | Vaults:2 | Bought a potion of heal wounds for 115 gold pieces
 41776 | Vaults:2 | Bought a potion of curing for 69 gold pieces
 41776 | Vaults:2 | Bought a potion of might for 92 gold pieces
 41776 | Vaults:2 | Bought a potion of ambrosia for 184 gold pieces
 41776 | Vaults:2 | Bought a potion of cancellation for 184 gold pieces
 41891 | Vaults:2 | Reached skill level 19 in Fighting
 43517 | Vaults:3 | Found Suha's Assorted Antiques.
 43544 | Vaults:3 | Reached XP level 21. HP: 166/193 MP: 28/28
 43574 | Vaults:3 | Bought a scroll of teleportation for 114 gold pieces
 43583 | Vaults:3 | Reached skill level 15 in Evocations
 44150 | Vaults:3 | Found a staircase to the Crypt.
 44388 | Vaults:4 | Reached skill level 20 in Fighting
 44623 | Vaults:4 | Gained mutation: You possess an exceptional clarity of
                  | mind. [hidden potential]
 44727 | Vaults:4 | Identified the amulet of Yhayck {Faith *Slow rF- Regen+
                  | Int+6}
 45691 | Crypt:1  | Entered Level 1 of the Crypt
 47065 | Crypt:2  | Reached XP level 22. HP: 187/202 MP: 29/29
 47491 | Crypt:2  | Noticed Zenata
 47514 | Crypt:2  | Killed Zenata
 47807 | Crypt:3  | Entered Level 3 of the Crypt
 47871 | Crypt:3  | Noticed a dread lich
 47895 | Crypt:2  | Killed a dread lich
 48062 | Crypt:3  | Noticed Khufu
 48067 | Crypt:3  | Noticed a royal mummy
 48323 | Crypt:3  | Gained mutation: You have sharp toenails. [hidden
                  | potential]
 48323 | Crypt:3  | Lost mutation: You have hidden genetic potential. [hidden
                  | potential expressed]
 48348 | Crypt:3  | Noticed Sojobo
 48366 | Crypt:3  | Killed Sojobo
 48681 | Crypt:3  | Noticed a dread lich
 48685 | Crypt:3  | Noticed a royal mummy
 48690 | Crypt:3  | Found an ancient bone altar of Kikubaaqudgha.
 49015 | Crypt:3  | Noticed Saint Roka
 49042 | Crypt:3  | Killed Saint Roka
 49193 | Crypt:3  | Killed a dread lich
 49273 | Crypt:3  | Identified the ring "Ograem" {rC+ rN+ rCorr EV+4}
 49288 | Crypt:3  | Identified the ring of Xom's Ringing Laughter {*Slow rN+
                  | rCorr Str+5}
 49288 | Crypt:3  | Identified the ring of Qigoaz {rN+ rCorr Int+3}
 49807 | Crypt:3  | Found a staircase to the Tomb.
 50244 | Depths:1 | Entered Level 1 of the Depths
 50777 | Depths:1 | Got the Tome of the Wayfarer
 50849 | Depths:1 | Reached XP level 23. HP: 210/210 MP: 31/31
 50908 | Depths:1 | Found Fokey's General Store.
 50923 | Depths:1 | Bought a box of beasts for 680 gold pieces
 51140 | Depths:1 | Found a gateway to Hell.
 51776 | Depths:2 | Found a one-way gate leading to the halls of Pandemonium.
 51804 | Depths:2 | Found a transporter.
 52025 | Depths:2 | Found a corrupted altar of Lugonu.
 52223 | Depths:2 | Noticed Bai Suzhen
 52233 | Depths:2 | Killed Bai Suzhen
 52506 | Depths:2 | You fall into a shaft and drop 2 floors!
 52506 | Depths:4 | Entered Level 4 of the Depths
 52506 | Depths:4 | Noticed Mennas
 52534 | Depths:4 | Killed Mennas
 52695 | Depths:3 | Found Naiseb Uxky's Antique Armour Shoppe.
 52709 | Depths:3 | Found a runed translucent door.
 52709 | Depths:3 | Noticed a caustic shrike
 52710 | Depths:3 | Found a runed translucent door.
 52711 | Depths:3 | Found a runed translucent door.
 52784 | Depths:3 | Noticed Louise
 52797 | Depths:3 | Killed Louise
 53055 | Depths:3 | Found Ommusakh's Book Boutique.
 53388 | Depths:3 | Reached skill level 21 in Fighting
 53459 | Depths:3 | Found Rosef's Tremendous Tomes.
 53499 | Depths:3 | Found a one-way gateway to a ziggurat.
 53633 | Depths:3 | Noticed a caustic shrike
 53937 | Depths:3 | Killed a caustic shrike
 53967 | Depths:3 | Found the +10 zealot's sword {holy, *Rage rN+ EV+3}
 54310 | D:10     | You paid a toll of +2 fire dragon scales to enter a
                  | treasure trove
 54311 | Trove    | Entered a treasure trove
 54876 | Depths:4 | Found a gate to the Realm of Zot.
 55360 | Depths:4 | Reached XP level 24. HP: 172/221 MP: 33/33
 55611 | Depths:4 | Noticed Vv
 55639 | Depths:4 | Killed Vv
 55959 | Depths:3 | Gained mutation: You are very clumsy. (Dex -4) [a
                  | cacodemon]
 56257 | Depths:2 | Lost mutation: Your tail ends in a venomous barb. [potion
                  | of mutation]
 56257 | Depths:2 | Lost mutation: You are very clumsy. (Dex -4) [potion of
                  | mutation]
 56257 | Depths:2 | Lost mutation: You are partially covered in iridescent
                  | scales. (AC +2) [potion of mutation]
 56257 | Depths:2 | Lost mutation: You have sharp toenails. [potion of
                  | mutation]
 56257 | Depths:2 | Lost mutation: You are clumsy. (Dex -2) [potion of
                  | mutation]
 56257 | Depths:2 | Lost mutation: You possess an exceptional clarity of mind.
                  | [potion of mutation]
 56257 | Depths:2 | Lost mutation: You are weak. (Str -2) [potion of mutation]
 56257 | Depths:2 | Lost mutation: You are vulnerable to cold. (rC-) [potion of
                  | mutation]
 56257 | Depths:2 | Gained mutation: Your muscles are strong. (Str +4, Int/Dex
                  | -1) [potion of mutation]
 56257 | Depths:2 | Gained mutation: You possess an exceptional clarity of
                  | mind. [potion of mutation]
 56257 | Depths:2 | Gained mutation: You have sharp toenails. [potion of
                  | mutation]
 56257 | Depths:2 | Gained mutation: You expend magic power (3 MP) to
                  | strengthen your wands. [potion of mutation]
 56257 | Depths:2 | Gained mutation: You have a pair of small horns on your
                  | head. [potion of mutation]
 56273 | Depths:2 | Identified the amulet "Vayvafy" {Spirit rPois Int+5 Dex-3
                  | Slay+4}
 56298 | Depths:2 | Found a transporter.
 56694 | Crypt:3  | Noticed a royal mummy
 56709 | Crypt:3  | Killed a royal mummy
 56712 | Crypt:3  | Killed Khufu
 56713 | Crypt:3  | Killed a royal mummy
 56717 | Crypt:3  | Killed a royal mummy
 57014 | Vaults:5 | Entered Level 5 of the Vaults
 57185 | Abyss:4  | Cast into level 4 of the Abyss (a deep elf sorcerer)
 57292 | Abyss:4  | Got an abyssal rune of Zot
 57366 | Vaults:5 | Escaped the Abyss
 57392 | Vaults:5 | Reached skill level 22 in Fighting
 57461 | Vaults:5 | Identified the +6 mace "Efeserym" {spect, rPois Will+
                  | rCorr}
 57789 | Vaults:5 | Got a silver rune of Zot
 57831 | Vaults:5 | Identified the +6 lajatang "Wadghai" {vorpal, Will+ Str+2
                  | Dex+3}
 57960 | Vaults:5 | Identified the +4 morningstar of Edoter {venom, *Corrode
                  | rElec Str+8 Dex+3}
 57961 | Vaults:5 | Identified the +4 war axe "Vamigg" {elec, Will+ Str+5
                  | Int+2}
 58271 | Vaults:5 | Got Sif Muna's Secrets of Enchanting Apparitions
 58441 | Vaults:5 | Reached XP level 25. HP: 232/232 MP: 33/33
 58583 | Vaults:5 | Found Aneil's Book Shoppe.
 58733 | Vaults:5 | Identified the +6 dagger "Plog" {vorpal, rElec Stlth+}
 58734 | Vaults:5 | Identified the +1 hand axe "Rukiaclo" {antimagic, *Rage
                  | rN+++ Dex+8 Stlth-}
 59819 | Zot:1    | Entered Level 1 of the Realm of Zot
 60506 | Zot:1    | Reached skill level 23 in Fighting
 60970 | Zot:2    | Noticed an orb of fire
 60973 | Zot:2    | Gained mutation: You are clumsy. (Dex -2) [an orb of fire]
 60980 | Zot:2    | Killed an orb of fire
 61011 | Zot:2    | Found a transporter.
 61014 | Zot:2    | Found a radiant altar of Vehumet.
 61018 | Zot:2    | Noticed an orb of fire
 61019 | Zot:2    | Noticed a dread lich
 61052 | Zot:2    | Noticed a dread lich
 61591 | Zot:3    | Noticed a shard shrike
 61612 | Zot:3    | Killed a shard shrike
 61802 | Zot:3    | Noticed Grunn
 61814 | Zot:3    | Killed Grunn
 61838 | Zot:3    | Identified the ring "Wotiot" {Ice rElec Str+3}
 61838 | Zot:3    | Noticed Josephina
 61875 | Zot:3    | Killed Josephina
 61877 | Zot:3    | Reached skill level 24 in Fighting
 62101 | Zot:3    | Reached XP level 26. HP: 199/246 MP: 33/33
 62734 | Zot:3    | Identified the +0 leather armour of Vuuza {Int+7 SInv}
 63961 | Zot:4    | Identified a scroll of acquirement
 63962 | Zot:4    | Acquired 694 gold pieces
 64544 | Zot:5    | Entered Level 5 of the Realm of Zot
 64821 | Zot:5    | Reached skill level 25 in Fighting
 64972 | Zot:5    | Noticed an orb of fire
 64987 | Zot:5    | Killed an orb of fire
 65002 | Zot:5    | Lost mutation: You expend magic power (3 MP) to strengthen
                  | your wands. [mutagenic glow]
 65025 | Zot:5    | Gained mutation: You are dopey. (Int -2) [mutagenic glow]
 65069 | Zot:5    | Gained mutation: You are vulnerable to cold. (rC-)
                  | [mutagenic glow]
 65307 | Zot:5    | Noticed a dread lich
 65309 | Zot:5    | Noticed an ancient lich
 65312 | Zot:5    | Noticed a dread lich
 65320 | Zot:5    | Killed a dread lich
 65326 | Zot:5    | Killed a dread lich
 65328 | Zot:5    | Killed an ancient lich
 65353 | Zot:5    | Reached skill level 26 in Fighting
 65394 | Zot:5    | Got the Orb of Zot
 65443 | Zot:5    | Noticed Keefugimp the pandemonium lord
 65451 | Zot:5    | Killed Keefugimp the pandemonium lord
 65777 | D:9      | Reached XP level 27. HP: 261/261 MP: 33/33
 65790 | D:9      | Noticed Xoymn the pandemonium lord
 65802 | D:9      | Killed Xoymn the pandemonium lord
 65945 | D:$      | Escaped with the Orb!

Illustrated notes

Levels and vault maps discovered:
D:1:      sevenhm_arrival_forest_fort_small_6, layout_loops_ring,
          shapermc_ecumenical_altar_mp_ritualfount, nrook_loot_triangle
D:2:      layout_loops_corners
D:3:      layout_rooms, mainiacjoe_overflow_chevrons, mainiacjoe_overflow_paths,
          nicolae_elyvilon_temple_path, biasface_ghost_orc_armoury,
          gup_sewer_entry_spiral
D:4:      layout_cave_pods, uniq_menkaure
D:5:      layout_layer_cave, grunt_qazlal_clouds, okawaru_metal_pillars_3,
          nicolae_ru_the_path_less_chosen, mainiacjoe_overflow_24_doors,
          minmay_temple_entry_butterflies, kennysheep_decorative_pillar,
          hex_medium
D:6:      layout_basic, zin_academy, mainiacjoe_overflow_small_starburst,
          serial_curves, eino_curves_01, eino_curves_04, eino_curves_02,
          nicolae_elevator_lobby_plus, uniq_crazy_yiuf_cottage
D:7:      layout_basic, serial_rivers, chequers_serial_rivers_micro_c,
          chequers_serial_rivers_small_b, chequers_serial_rivers_micro_c,
          chequers_serial_rivers_small_a, minmay_misc_feat_enclosed, uniq_joseph
D:8:      layout_cave_pools, eat_drink_and_be_merry_uskayaw, fedhas_altar_3
D:9:      layout_basic, old_standard_altar, due_lair_maze_entry_diamond,
          uniq_amaemon, uniq_maggie
D:10:     layout_roguey, mainiacjoe_overflow_concentric_impassable,
          mainiacjoe_overflow_catwalk, zombieorc1_lemuel, enter_trove_1,
          minmay_misc_feat_five, uniq_urug
D:11:     layout_roguey
D:12:     layout_roguey
D:13:     layout_basic, david_vaults_2
D:14:     layout_cave_pods, solitary_fountain, nemelex_diamond_rough_becter
D:15:     hangedman_depths_entry_try_elsewhere_first, layout_basic,
          nicolae_wu_jian_immortal_techniques, serial_shops,
          nicolae_shop_bloodbath_and_beyond, minmay_diced_spiral, uniq_rupert,
          uniq_jorgrun, uniq_nessos, uniq_azrael
Temple:   hellmonk_temple_of_storms
Lair:1:   layout_gridlike, gammafunk_ghost_abyssal_escape, kennysheep_rathole
Lair:2:   layout_regular_city, minmay_shoals_entry_centaurs,
          ebering_ghost_funeral_grove, uniq_erica
Lair:3:   minmay_lair_oklob_chamber, layout_small_grid,
          spider_nest_entry_rubble, grunt_megastairs_4,
          infiniplex_staircase_pool_2
Lair:4:   layout_small_grid, nicolae_slime_entry_slimehenge, uniq_snorg
Lair:5:   evilmike_catoblepas_cave, layout_cave_shapes
Shoals:1: layout_shoals
Shoals:2: cheibrodos_shoals_baths, layout_shoals, serial_shops,
          nicolae_square_shop, uniq_ilsuiw
Shoals:3: layout_shoals, serial_shops, nicolae_shop_statue_plus, shop_fountains,
          nicolae_diamond_shop, shop, shop_statue
Shoals:4: shoals_end_hellmonk_storm_palace [storm_palace_center_circular,
          storm_palace_corner_narrow, storm_palace_corner_blocked,
          storm_palace_corner_reverse_hut, storm_palace_corner_narrow]
Spider:1: nicolae_spider_mines_2
Spider:2: layout_spider_delve, nicolae_spider_nook, uniq_asterion
Spider:3: layout_spider_delve, gammafunk_ghost_arena, nicolae_spider_cling_halls
Spider:4: hellmonk_spider_rune_bug_friends, ebering_ghost_disaster_area,
          einodemon_crawler_minivault
Orc:1:    layout_diamond_mine, serial_shops
Orc:2:    st_orc_pillars, layout_caves
Elf:1:    elf_arrival_001, layout_gridlike, kennysheep_underground_church
Elf:2:    elven_hall_of_blades_hangedman_alternative
          [nicolae_blade_entry_crossed_weapons], layout_geoelf_grid,
          portal_ice_cave_entry_pillars_2
Elf:3:    elf_hall_gauntlet_narrow, layout_geoelf_octagon, uniq_mara
Vaults:1: nicolae_vaults_octagons, hangedman_vaults_stagger,
          nicolae_vaults_network_barrier, nicolae_vaults_asterisk,
          nicolae_vaults_network_s, hangedman_vaults_snaps,
          layout_vaults_omnigrid
Vaults:2: v_misc_3, hangedman_vaults_variations, hangedman_vaults_maws,
          ontoclasm_vaults_hangar, vaults_room_hallway,
          nicolae_vaults_angled_halls, grunt_vaults_focal, v_misc_27,
          vaults_dpeg_diagonal, vaults_room_guarded_vault, vaults_room_pool,
          layout_vaults_omnicross, serial_shops, nicolae_shop_waterfront
Vaults:3: nicolae_vaults_murderbox, nicolae_vaults_yaktaur_gun_rack,
          serial_ice_g, v_pattern_1, minmay_crypt_entry_simple_corners,
          vaults_mumra_lcd, v_misc_31, v_alt_pattern_6,
          nicolae_vaults_rhombus_6, dpeg_vaults_monster_box,
          vaults_room_corners, v_alt_pattern_1, layout_vaults_big_room,
          serial_shops, nicolae_diamond_shop
Vaults:4: nicolae_vaults_mini_display_case, vaults_room_corners,
          hangedman_vaults_pinch, v_rooms_1, ontoclasm_vaults_loading_screen,
          nicolae_vaults_branching_niches, hangedman_vaults_slice,
          hangedman_vaults_corner_blocks, vaults_mumra_chevron_long,
          grunt_vaults_twisty, vaults_dpeg_ring,
          nicolae_vaults_little_squares_6, nicolae_vaults_little_ls,
          hangedman_vaults_corner_blocks, v_misc_15, vaults_dpeg_cross,
          vaults_room_semicircle, layout_vaults_omnibox
Vaults:5
Crypt:1:  layout_regular_city, serial_co_window_serial, co_window_paths_b,
          co_window_corner_a, co_window_of_opportunity_a, co_window_corner_a,
          co_window_paths_b, co_window_paths_a, co_window_cross_2,
          co_window_broadway_a, co_window_broadway_a, co_window_2corner,
          co_window_2corner, co_window_corner_cb, co_window_4corner_b,
          glass_columns_a, st_stairs_1
Crypt:2:  layout_catacombs, uniq_zenata
Crypt:3:  church_of_pain_bobbens, layout_chaotic_city,
          nicolae_tomb_entry_unfolded_pyramid_diagonal, uniq_khufu,
          uniq_saint_roka, uniq_sojobo
Depths:1: layout_basic, chequers_serial_rivers_marsh, hellmouth_1, serial_shops,
          shop, hangedman_research_quantum
Depths:2: gammafunk_corrupted_shrine, layout_basic,
          pf_vacation_house_of_asmodeus, hangedman_decor_points, pan_entry,
          lemuel_another_geyser, uniq_bai_suzhen
Depths:3: minmay_the_grid_triangle_9x9_recursive_3_mashed
          [minmay_the_grid_triangle_9x9_cache,
          minmay_the_grid_triangle_9x9_wacky_v,
          minmay_the_grid_triangle_9x9_steps,
          minmay_the_grid_triangle_9x9_prize_center,
          minmay_the_grid_triangle_9x9_dagger,
          minmay_the_grid_triangle_9x9_negative_grid,
          minmay_the_grid_triangle_9x9_sprig,
          minmay_the_grid_triangle_9x9_fully_insulated_deathbox,
          minmay_the_grid_triangle_9x9_pentomino_pain], layout_basic,
          enter_ziggurat_d, kennysheep_path_1,
          nicolae_abyss_entry_one_way_or_another, serial_aquarium,
          aquarium_bridge_long_separate [aquarium_subvault_bridge,
          aquarium_subvault_balcony, aquarium_subvault_bridge,
          aquarium_subvault_wall, aquarium_subvault_bridge,
          aquarium_subvault_bridge], aquarium_window_fake,
          aquarium_window_double, aquarium_window_2, aquarium_window_1,
          aquarium_view_2c, aquarium_view_2c, hell_entry, serial_shops, shop,
          rand_demon_pan_entry_4, nicolae_stop_n_shop_1,
          nicolae_shop_i_like_big_books, uniq_margery
Depths:4: grunt_zot_entry_pinwheel, layout_gridlike, minmay_room_of_horrors,
          hell_entry, kennysheep_random_hallway, uniq_vv, uniq_mennas
Zot:1:    layout_basic
Zot:2:    gammafunk_sealed_library, layout_basic
Zot:3:    layout_onion, hangedman_zot_spectrum, uniq_grunn, uniq_josephina
Zot:4:    layout_misc_corridors, bh_zot_ikea_curve, evilmike_ambush
          [evilmike_ambush_outer_basic, evilmike_ambush_inner_pond]
Zot:5:    layout_cathedral_of_symmetry, hangedman_zot_decor_scrapings

Skill      XL: |  1  2  3  4  5  6  7  8  9 10 11 12 13 14 15 16 17 18 19 20 21 22 23 24 25 26 |
---------------+-------------------------------------------------------------------------------+-----
Invocations    | 1 2 3 4 6 7 8 10 11 13 | 13.9
Fighting       | 1 2 3 4 5 7 8 10 11 12 14 15 16 17 18 19 20 21 22 24 26 | 26.4
Maces & Flails | 1 2 3 5 7 10 11 12 | 12.0
Shields        | 3 7 10 12 14 15 16 19 22 | 22.0
Armour         | 5 8 10 15 19 21 22 23 24 | 24.5
Evocations     | 3 7 9 10 11 13 14 15 18 21 | 21.7
Dodging        | 4 8 10 11 14 | 14.5
Short Blades   | |  0.8
Stealth        | |  3.9
Spellcasting   | |  1.7
Hexes          | |  2.6

Action                   |  1- 3 |  4- 6 |  7- 9 | 10-12 | 13-15 | 16-18 | 19-21 | 22-24 | 25-27 || total
-------------------------+-------+-------+-------+-------+-------+-------+-------+-------+-------++-------
Melee: Dagger            |   112 |       |       |       |       |       |       |       |       ||   112
       Tailslap          |     6 |    23 |    30 |   139 |   253 |   323 |   320 |   468 |   211 ||  1773
       Morningstar       |    26 |   192 |   182 |     8 |       |       |       |       |       ||   408
       Punch             |     1 |     2 |     3 |       |       |       |       |       |       ||     6
       Whip              |       |    32 |    19 |       |       |       |       |       |       ||    51
       Demon whip        |       |       |       |   624 |  1119 |  1481 |  1421 |  1798 |   849 ||  7292
       Headbutt          |       |       |       |       |       |   399 |   184 |   111 |   295 ||   989
Throw: Throwing net      |       |       |       |     5 |     4 |     2 |       |     1 |       ||    12
Invok: Heal Self         |       |     2 |       |       |       |       |       |       |       ||     2
       Recall Ancestor   |       |       |       |     2 |     1 |     1 |     4 |     7 |     6 ||    21
       Ancestor Life: Ba |       |       |       |     1 |       |       |       |       |       ||     1
       Idealise          |       |       |       |       |     9 |    10 |     4 |    18 |     6 ||    47
 Abil: Evoke Invisibilit |       |       |       |       |       |       |     3 |       |     3 ||     6
Evoke: Tin of tremorston |       |       |       |       |     9 |     7 |    12 |     7 |     5 ||    40
       Wand              |       |       |       |       |     7 |     7 |       |       |       ||    14
       Lightning rod     |       |       |       |       |       |     4 |     4 |       |       ||     8
       Phial of floods   |       |       |       |       |       |       |     2 |     3 |       ||     5
       Phantom mirror    |       |       |       |       |       |       |     1 |       |     2 ||     3
       Condenser vane    |       |       |       |       |       |       |     4 |     8 |     5 ||    17
       Box of beasts     |       |       |       |       |       |       |       |     1 |     5 ||     6
  Use: Potion            |     1 |     5 |     3 |     2 |     5 |    16 |     9 |    11 |     7 ||    59
       Scroll            |     3 |     8 |     7 |    13 |    10 |     9 |     6 |    11 |    12 ||    79
 Stab: Sleeping          |    10 |     6 |     1 |    14 |     7 |     5 |     4 |     7 |       ||    54
       Invisible         |     2 |     2 |    12 |       |       |     4 |     4 |     6 |     4 ||    34
       Distracted        |       |       |       |     6 |    12 |    18 |    28 |    26 |    21 ||   111
       Held in net/web   |       |       |       |     2 |     1 |     2 |       |       |       ||     5
       Petrified         |       |       |       |       |       |       |     3 |       |       ||     3
       Paralysed         |       |       |       |       |       |       |       |     1 |       ||     1
Armor: Robe              |    58 |    89 |    79 |       |       |       |       |       |       ||   226
       Skin              |       |    33 |       |       |       |       |       |       |       ||    33
       Steam dragon scal |       |       |    21 |    96 |   190 |    57 |       |       |       ||   364
       Scale mail        |       |       |       |       |       |   342 |       |       |       ||   342
       Ring mail         |       |       |       |       |       |   259 |   467 |   383 |       ||  1109
       Shadow dragon sca |       |       |       |       |       |       |       |   108 |       ||   108
       Storm dragon scal |       |       |       |       |       |       |       |    18 |     8 ||    26
       Gold dragon scale |       |       |       |       |       |       |       |       |   282 ||   282
       Fire dragon scale |       |       |       |       |       |       |       |       |    49 ||    49
Dodge: Dodged            |    91 |   149 |   108 |    90 |   106 |   378 |   420 |   473 |   190 ||  2005
Block: Other             |       |    17 |    53 |     8 |       |       |       |       |       ||    78
       Reflection        |       |       |     2 |    13 |    34 |       |       |       |       ||    49
       Kite shield       |       |       |       |   436 |   718 |   879 |   670 |   445 |       ||  3148
       Tower shield      |       |       |       |       |       |       |       |   695 |   653 ||  1348

Table legend: (Time is in decaauts)
 A = Elapsed time spent in this place.
 B = Non-inter-level travel time spent in this place.
 C = Inter-level travel time spent in this place.
 D = Time resting spent in this place.
 E = Time spent auto-exploring this place.
 F = Levels seen in this place.
 G = Mean time per level.
                   A        B        C        D        E       F      G
               +--------+--------+--------+--------+--------+-----+--------+
         Total |  63000 |  54884 |   8116 |   2649 |  40639 |  55 | 1145.5 |
       Dungeon |  17007 |  14670 |   2337 |    650 |  11675 |  15 | 1133.8 |
        Temple |     44 |     39 |      5 |      0 |     27 |   1 |   44.0 |
          Lair |   6162 |   5543 |    619 |    221 |   4532 |   5 | 1232.4 |
        Shoals |   3841 |   3465 |    376 |     77 |   2502 |   4 |  960.2 |
   Spider Nest |   4560 |   4192 |    368 |    532 |   2649 |   4 | 1140.0 |
  Orcish Mines |   1832 |   1264 |    568 |      0 |    931 |   2 |  916.0 |
   Elven Halls |   4360 |   3722 |    638 |     37 |   2922 |   3 | 1453.3 |
        Vaults |   7828 |   6169 |   1659 |    161 |   4515 |   5 | 1565.6 |
         Crypt |   4270 |   3833 |    437 |    281 |   2551 |   3 | 1423.3 |
        Depths |   5478 |   4690 |    788 |    128 |   3661 |   4 | 1369.5 |
           Zot |   5385 |   5070 |    315 |    388 |   3496 |   5 | 1077.0 |
         Abyss |    159 |    159 |      0 |      0 |     43 |   1 |  159.0 |
         Trove |     49 |     49 |      0 |      0 |      0 |   1 |   49.0 |
         Sewer |    840 |    840 |      0 |     32 |    432 |   1 |  840.0 |
      Ice Cave |   1180 |   1180 |      0 |    141 |    702 |   1 | 1180.0 |
               +--------+--------+--------+--------+--------+-----+--------+

Top non-repeatable levels by time:
Vaults:1: 2136 daAuts
   Zot:3: 2066 daAuts
   Elf:1: 2055 daAuts
Depths:3: 1796 daAuts
 Crypt:3: 1693 daAuts
    D:13: 1589 daAuts
Vaults:5: 1531 daAuts
   Elf:3: 1506 daAuts
   Orc:2: 1503 daAuts
Spider:4: 1497 daAuts
Vaults:3: 1474 daAuts
Shoals:4: 1474 daAuts
     D:9: 1448 daAuts
  Lair:5: 1432 daAuts
    D:15: 1431 daAuts
